 Dungeon Crawl Stone Soup version 0.24.0-13-gcf9b319 (webtiles) character file.

Game seed: 12763059261658302073, levelgen mode: deterministic

289076 Bronimir the Impaler (level 19, -15/133 HPs)
             Began as a Demonspawn Gladiator on Mar 21, 2020.
             Was the Champion of Hepliaklqana.
             Killed from afar by a deep elf death mage (38 damage)
             ... with a bolt of negative energy
             ... on level 3 of the Elven Halls.
             The game lasted 03:08:49 (42056 turns).

Bronimir the Impaler (Demonspawn Gladiator)        Turns: 42056, Time: 03:08:50

Health: -15/133    AC: 30    Str: 19    XL:     19   Next: 90%
Magic:  29/29      EV: 25    Int: 14    God:    Hepliaklqana [******]
Gold:   1402       SH: 18    Dex: 21    Spells: 19/22 levels left

rFire    . . .     SeeInvis +   M - +7 trident (protect)
rCold    + . .     Gourm    .   K - +4 shield {AC+3}
rNeg     + . .     Faith    .   Z - +10 plate armour of Dirr {+Fly Regen+ Str-4 Dex+2}
rPois    +         Spirit   .   (helmet unavailable)
rElec    .         Reflect  .   C - scarf {repulsion}
rCorr    .         Harm     .   p - +1 pair of gloves {archery}
MR       +....                  N - +2 pair of boots {Fly}
Stlth    ..........             Y - amulet of the acrobat
HPRegen  0.72/turn              t - ring of Duexul {*Contam rPois rN+ Str+4 Dex+3}
MPRegen  0.21/turn              Q - ring of see invisible

@: corroded, acrobat, flying, drained, repel missiles
A: reduced essence, horns 3, icy blue scales 3, clever 1, deformed body,
nightstalker 2, spiny 2
}: 2/15 runes: serpentine, barnacled
a: Recall Ancestor, Ancestor Identity, Transference, Idealise, Renounce
Religion, Stop Flying


You were on level 3 of the Elven Halls.
You worshipped Hepliaklqana.
Hepliaklqana was exalted by your worship.
You were very hungry.

You visited 9 branches of the dungeon, and saw 37 of its levels.
You also visited: Gauntlet.

You collected 3345 gold pieces.
You spent 1943 gold pieces at shops.

Inventory:

Hand Weapons
 a - a +6 war axe of flaming
 b - the +2 hand crossbow "Cithunoe" {penet, rF+ rN+ MR+ Dex-5}
   (You bought it in a shop on level 2 of the Orcish Mines)

   Ammo fired by it will pass through the targets it hits, potentially hitting
   all targets in its path until it reaches maximum range.
   It affects your dexterity (-5).
   It protects you from fire.
   It protects you from negative energy.
   It affects your resistance to hostile enchantments.
 o - the +11 quarterstaff "Neal" {antimagic, Int+3}
   (You bought it in a shop on level 3 of the Elven Halls)

   It reduces the magical energy of the wielder, and disrupts the spells and
   magical abilities of those hit.
   Natural abilities and divine invocations are not affected.
   It affects your intelligence (+3).
 z - a +4 battleaxe of freezing
 M - a +7 trident of protection (weapon)
Missiles
 n - 596 bolts
 E - 31 silver javelins (quivered)
 H - 3 throwing nets
Armour
 p - a +1 pair of gloves of archery (worn)
 C - a scarf of repulsion (worn)
 K - a +4 shield of protection (worn)
 N - a +2 pair of boots of flying (worn)
 Z - the +10 plate armour of Dirr (worn) {+Fly Regen+ Str-4 Dex+2}
   (You found it on level 8 of the Dungeon)

   It affects your strength (-4).
   It affects your dexterity (+2).
   It lets you fly.
   It increases your rate of regeneration.
Jewellery
 t - the ring of Duexul (left hand) {*Contam rPois rN+ Str+4 Dex+3}
   (You found it on level 3 of the Dungeon)

   [ring of dexterity]

   It affects your strength (+4).
   It affects your dexterity (+3).
   It protects you from poison.
   It protects you from negative energy.
   It causes magical contamination when unequipped.
 u - the ring of the Establishment {rElec MR+ Int+6 Slay-2 Stlth+}
   (You found it on level 4 of the Shoals)

   [ring of protection from magic]

   It affects your intelligence (+6).
   It affects your accuracy and damage with ranged weapons and melee attacks
   (-2).
   It insulates you from electricity.
   It affects your resistance to hostile enchantments.
   It makes you more stealthy.
 v - the ring "Rehotsabb" {rF+ Slay+2 Stlth-}
   (You found it on level 11 of the Dungeon)

   [ring of attention]

   It affects your accuracy and damage with ranged weapons and melee attacks
   (+2).
   It protects you from fire.
   It makes you less stealthy.
 Q - a ring of see invisible (right hand)
 Y - an amulet of the acrobat (around neck)
Wands
 c - a wand of acid (16)
 G - a wand of paralysis (31)
 J - a wand of flame (52)
 T - a wand of iceblast (10)
Scrolls
 e - a scroll of fog
 g - a scroll of summoning
 h - 2 scrolls of blinking
 k - a scroll of fear
 l - 2 scrolls of remove curse
 m - a scroll of teleportation
 q - a scroll of enchant weapon
 r - a scroll of identify
 s - a scroll of amnesia
 y - 2 scrolls of silence
Potions
 i - 4 potions of curing
 j - 2 potions of resistance
 D - a potion of invisibility
 F - 2 potions of mutation
 O - 2 potions of might
 S - 2 potions of haste
Miscellaneous
 d - a lightning rod (4/4)
 w - a box of beasts
 x - a sack of spiders
 I - a phial of floods
Comestibles
 f - 63 rations
 A - 3 chunks of flesh


   Skills:
 + Level 12.6(11.9) Fighting
 * Level 7.7(11.7) Axes
 + Level 15.2(15.5) Polearms
 + Level 7.4(11.6) Staves
   Level 1.1 Slings
 + Level 5.7(5.1) Crossbows
 + Level 1.8(1.5) Throwing
 * Level 14.8(14.0) Armour
 + Level 7.6(7.0) Dodging
 + Level 13.7(12.9) Shields
 + Level 2.3(1.8) Spellcasting
 + Level 3.5(2.9) Necromancy
 + Level 13.4(12.6) Invocations
 + Level 10.6(9.9) Evocations


You had 19 spell levels left.
You knew the following spells:

 Your Spells              Type           Power        Failure   Level  Hunger
a - Vampiric Draining     Necr           #.........   98%         3    ####...

Your spell library contained the following spells:

 Spells                   Type           Power        Failure   Level  Hunger
 Animate Skeleton         Necr           N/A          77%         1    ##.....
 Apportation              Tloc           #.....       99%         1    ##.....
 Confusing Touch          Hex            #.....       99%         1    ##.....
 Corona                   Hex            #......      99%         1    ##.....
 Magic Dart               Conj           #...         99%         1    ##.....
 Summon Butterflies       Summ           #.......     99%         1    ##.....
 Summon Small Mammal      Summ           #...         99%         1    ##.....
 Searing Ray              Conj           #.....       100%        2    ###....
 Slow                     Hex            #.......     100%        2    ###....
 Call Canine Familiar     Summ           #.......     100%        3    ####...
 Dazzling Spray           Conj/Hex       #.....       100%        3    ####...
 Ignite Poison            Fire/Tmut/Pois #.......     100%        3    ####...
 Inner Flame              Hex/Fire       #.......     100%        3    ####...
 Lesser Beckoning         Tloc           #.........   100%        3    ####...
 Portal Projectile        Hex/Tloc       #.....       100%        3    ####...
 Recall                   Summ/Tloc      N/A          100%        3    ####...
 Spectral Weapon          Hex/Chrm       #.......     100%        3    ####...
 Stone Arrow              Conj/Erth      #.....       100%        3    ####...
 Tukima's Dance           Hex            #.......     100%        3    ####...
 Cause Fear               Hex            #.........   100%        4    #####..
 Force Lance              Conj/Tloc      #.......     100%        4    #####..
 Fulminant Prism          Conj/Hex       #.........   100%        4    #####..
 Iskenderun's Mystic Bla  Conj           #.......     100%        4    #####..
 Leda's Liquefaction      Hex/Erth       #.........   100%        4    #####..
 Summon Ice Beast         Ice/Summ       #.......     100%        4    #####..
 Summon Lightning Spire   Summ/Air       #.......     100%        4    #####..
 Alistair's Intoxication  Tmut/Pois      #.......     100%        5    ######.
 Fireball                 Conj/Fire      #.........   100%        5    ######.
 Metabolic Englaciation   Hex/Ice        #.........   100%        5    ######.
 Silence                  Hex/Air        #.........   100%        5    ######.
 Summon Demon             Summ           #.........   100%        5    ######.
 Summon Mana Viper        Hex/Summ       #.......     100%        5    ######.
 Yara's Violent Unravell  Hex/Tmut       #.........   100%        5    ######.
 Bolt of Fire             Conj/Fire      #.........   100%        6    #######
 Deflect Missiles         Chrm/Air       #.........   100%        6    #######
 Invisibility             Hex            #.......     100%        6    #######
 Malign Gateway           Summ/Tloc      #.........   100%        7    #######
 Monstrous Menagerie      Summ           #.........   100%        7    #######
 Ring of Flames           Chrm/Fire      #.........   100%        7    #######
 Summon Greater Demon     Summ           #.........   100%        7    #######
 Summon Hydra             Summ           #.........   100%        7    #######
 Discord                  Hex            #.........   100%        8    #######
 Ignition                 Fire           #.........   100%        8    #######
 Summon Horrible Things   Summ           #.........   100%        8    #######
 Shatter                  Erth           #.........   100%        9    #######


Dungeon Overview and Level Annotations

Branches:
Dungeon (15/15)            Temple (1/1) D:4            Lair (6/6) D:11
 Shoals (4/4) Lair:3        Snake (4/4) Lair:4        Slime (0/5) Lair:6
    Orc (2/2) D:11            Elf (3/3) Orc:2        Vaults (1/5) D:14
 Depths (1/5) D:15        Gauntlet (visited)

Altars:
Ashenzari
Cheibriados
Dithmenos
Elyvilon
Fedhas
Gozag
Hepliaklqana
Kikubaaqudgha
Makhleb
Nemelex Xobeh
Okawaru
Qazlal
Ru
Sif Muna
Trog
Uskayaw
Vehumet
Wu Jian
Xom
Yredelemnul
Zin
The Shining One
Beogh
Jiyva

Shops:
D:5 %   D:11 }   Orc:2 ?(?*:(**%   Elf:1 !}==   Elf:3 ((((   Snake:4 [
Vaults:1 %!

Annotations:
D:5 3 runed translucent doors, growler's ghost, amateur TrMo
D:10 3 runed translucent doors, shadowEZX's ghost, journeyman HaAs
Lair:2 3 runed translucent doors, Lutefisk's ghost, journeyman CeAM
Shoals:1 exclusion: 2 oklob plants


Innate Abilities, Weirdness & Mutations

You have a pair of large horns on your head.
You are completely covered in icy blue scales. (AC +4, rC+)
You are significantly more attuned to the shadows.
You are mostly covered in sharp spines.
Your life essence is reduced to manifest your ancestor. (-10% HP)
Your mind is acute. (Int +2)
Armour fits poorly on your strangely shaped body.


Message History

The deep elf death mage is empowered by the deep elf high priest's aura!
The deep elf sorcerer is empowered by the deep elf high priest's aura!
Grog points at the deep elf sorcerer and mumbles some strange words.
The deep elf sorcerer resists with almost no effort.
The deep elf sorcerer hits Grog with a +0 rapier.
The deep elf sorcerer casts a spell at you.
The bolt of acid hits Grog!!!
Grog is splashed with acid.
The acid corrodes Grog!
The bolt of acid misses you.
The deep elf high priest mumbles some strange prayers to its god against you.
Something smites you!
Grog misses the deep elf sorcerer.
The deep elf death mage is struck by your spines.
The deep elf death mage hits you but does no damage.
Grog hits the deep elf sorcerer with a +0 dagger of draining!
Grog drains the deep elf sorcerer.
The deep elf high priest calls down the wrath of its god upon you.
The sphere of damnation explodes!
The damnation engulfs you!!
* * * LOW HITPOINT WARNING * * *
The deep elf death mage gestures at you while chanting.
The bolt of negative energy hits you!!! You partially resist.
You feel drained.
You die...

##.# ..%. # .'.#
#####.###### # ##.#
...≈≈.≈≈...### #
#### ...≈≈.≈≈.)....
# .# ...≈≈e≈≈R..###
# .# ...≈≈.R≈e..# ##
.+ #####e###### #.
.# #.# ###. .# #@#
#... .### #.# #...
.#.# #)# ###. .#.#
#.# #. .'.# ##)## #.
.'.# ##...## #)
##.###########..#..#
###.
##...........).###.#
#..)
.).#############
###### #####...


You could see the friendly Grog the hexer, a deep elf death mage and a deep elf
high priest.

Vanquished Creatures
  Vashnia (Snake:2)
  A lich (Vaults:1)
  A kraken (Shoals:3)
  7 nagarajas (Snake:4)
  Donald (Elf:1)
  Ilsuiw (Shoals:2)
  A deep elf sorcerer (Elf:3)
  A vault warden (Vaults:1)
  Aizul (Vaults:1)
  Louise (Elf:2)
  2 deep elf elementalists (Elf:3)
  The ghost of snackwell the Warrior, a journeyman GrMo of Jiyva (Orc:2)
  A stone giant (Depths:1)
  A deep elf demonologist (Elf:3)
  A minotaur (Gauntlet)
  A deep elf annihilator (Elf:3)
  A vampire knight (D:13)
  2 merfolk javelineers (Shoals:4)
  3 deep elf death magi (Elf:3)
  2 fire dragons
  4 merfolk impalers
  A yaktaur captain (Vaults:1)
  A rakshasa (Vaults:1)
  13 naga warriors
  4 hydras
  4 merfolk avatars
  6 merfolk aquamancers
  4 centaur warriors
  21 anacondas
  21 dancing weapons
  2 satyrs (Shoals:3)
  A two-headed ogre (D:14)
  11 naga sharpshooters
  A tengu warrior (D:14)
  A vampire mage (D:13)
  4 shock serpents
  20 deep elf knights
  3 skeletal warriors (D:13)
  A sixfirhy (Gauntlet)
  3 salamander mystics
  2 unseen horrors
  11 naga ritualists
  5 sea snakes
  2 wizards
  A death drake (Shoals:2)
  9 deep elf archers
  A lindwurm (shapeshifter) (D:14)
  A necromancer (Gauntlet)
  48 deep elf magi
  A wolf spider zombie (D:15)
  5 orc knights
  14 harpies
  An orc sorcerer (Orc:1)
  9 ugly things
  9 mana vipers
  3 oklob plants (Lair:4)
  A wolf spider (Lair:6)
  7 manticores
  2 fauns
  8 cyclopes
  4 elephants (Lair:4)
  8 salamanders
  Joseph (D:10)
  4 water nymphs
  10 guardian serpents
  3 torpor snails
  7 naga magi
  37 black mambas
  8 merfolk sirens
  A black mamba (shapeshifter) (Elf:3)
  A centaur zombie (D:14)
  3 rime drakes
  2 vault sentinels (Vaults:1)
  14 spiny frogs
  A gargoyle (D:15)
  2 yaktaurs (D:15)
  A freezing wraith (Vaults:1)
  A kobold demonologist (D:14)
  6 komodo dragons
  An efreet (D:13)
  3 wind drakes
  20 merfolk
  A meliai (shapeshifter) (Elf:3)
  10 polar bears
  2 hornets (Gauntlet)
  4 trolls
  A wind drake (shapeshifter) (Vaults:1)
  A spectral orc (Orc:2)
  2 tyrant leeches (Lair:3)
  A hornet (shapeshifter) (Vaults:1)
  A harpy skeleton (D:15)
  3 raiju (Lair:6)
  5 blink frogs (Lair:6)
  3 snapping turtles
  4 slime creatures
  7 hippogriffs
  28 dream sheep
  30 flying skulls (D:13)
  A centaur simulacrum (D:14)
  6 air elementals
  3 wraiths
  A shadow (D:15)
  14 water elementals
  33 yaks
  A spriggan (D:9)
  8 vampires
  5 wyverns
  14 humans (D:14)
  3 fire elementals (Elf:2)
  3 basilisks
  2 hungry ghosts
  A vampire mosquito (D:7)
  40 nagas
  A hexer (Vaults:1)
  7 wargs
  13 hell hounds (Lair:6)
  2 swamp worms (Lair:3)
  13 porcupines
  11 water moccasins
  A sky beast (D:11)
  5 ice beasts
  38 orc warriors
  2 phantoms (D:7)
  10 black bears
  3 eyes of draining
  A hornet zombie (D:6)
  7 ogres
  25 centaurs
  22 wolves
  9 crocodiles
  A big kobold (D:8)
  17 bullfrogs
  3 earth elementals
  3 scorpions
  A hornet simulacrum (D:9)
  A spectral ogre (Orc:2)
  13 killer bees
  10 wights
  6 electric eels
  6 howler monkeys
  6 crimson imps
  6 human zombies (D:13)
  5 jellies
  Crazy Yiuf (D:2)
  11 orc priests
  3 centaur skeletons
  3 hounds
  21 orc wizards
  A bullfrog skeleton (D:4)
  3 iguanas
  10 worker ants
  A warg simulacrum (Orc:2)
  A troll simulacrum (Orc:2)
  A hound zombie (D:8)
  A hound skeleton (D:10)
  A worker ant zombie (D:7)
  A spectral gnoll (Orc:2)
  20 adders
  7 shadow imps
  4 white imps
  3 ufetubi (D:9)
  An ooze (D:4)
  2 orc simulacra (Orc:2)
  An adder skeleton (D:6)
  2 adder zombies
  3 worms
  2 dart slugs
  An adder simulacrum (D:9)
  6 leopard geckos
  68 orcs
  7 bats
  7 giant cockroaches
  8 goblins
  6 hobgoblins
  12 jackals
  7 quokkas
  2 ball pythons
  4 frilled lizards
  7 kobolds
  A leopard gecko skeleton (D:4)
  5 rats
  A butterfly (Lair:3)
  11 plants
  7 tentacles
1185 creatures vanquished.

Vanquished Creatures (collateral kills)
  A kraken (Shoals:1)
  2 nagarajas (Snake:4)
  A deep elf elementalist (Elf:3)
  An ironheart preserver (Vaults:1)
  A stone giant (Vaults:1)
  A deep elf demonologist (Elf:1)
  A merfolk javelineer (Shoals:4)
  A fire dragon (D:15)
  5 naga warriors
  2 merfolk avatars (Shoals:4)
  2 anacondas (Snake:4)
  A merfolk aquamancer (Shoals:4)
  4 dancing weapons
  2 shock serpents
  A naga sharpshooter (Snake:1)
  5 deep elf knights
  A sixfirhy (Gauntlet)
  A small abomination (Elf:3)
  An unseen horror (D:12)
  2 naga ritualists (Snake:4)
  2 deep elf archers
  2 ugly things (Depths:1)
  A harpy (Shoals:2)
  2 orc knights (Orc:2)
  2 cyclopes
  An oklob plant (Lair:4)
  2 salamanders
  14 deep elf magi
  2 manticores (Shoals:4)
  2 fauns (Shoals:1)
  7 black mambas
  3 merfolk sirens
  5 naga magi
  An elephant (Lair:4)
  3 spiny frogs
  A rime drake (Lair:6)
  A yaktaur (D:15)
  7 merfolk
  2 trolls
  A wind drake (Shoals:2)
  A tyrant leech (Lair:3)
  5 hippogriffs
  A snapping turtle (Shoals:4)
  4 dream sheep
  An air elemental (Elf:2)
  A frost giant simulacrum (Vaults:1)
  3 flying skulls (D:13)
  2 basilisks (Lair:6)
  2 water elementals
  3 yaks
  2 humans (D:14)
  10 nagas
  3 swamp worms (Lair:3)
  2 porcupines
  A water moccasin (D:12)
  A hell hound (Lair:6)
  3 black bears (Lair:6)
  2 ice beasts
  3 orc warriors
  2 ogres
  A centaur (D:12)
  4 bullfrogs
  5 killer bees
  2 wights (D:13)
  A jelly (D:7)
  An electric eel (D:9)
  A centaur zombie (D:10)
  A water moccasin simulacrum (D:9)
  An orc wizard (D:13)
  A gnoll shaman (D:6)
  3 orc priests
  2 iguanas
  A white imp (D:9)
  An adder simulacrum (D:9)
  15 orcs
  A kobold (D:8)
  4 plants
194 creatures vanquished.

Vanquished Creatures (others)
  A naga warrior (Snake:1)
  A merfolk aquamancer (Shoals:3)
  A naga mage (Snake:1)
  2 guardian serpents (Snake:4)
  A naga (Snake:4)
  37 hexers
  3 ancestors
  A jackal (D:9)
  3 fungi
  36 plants
  14 tentacles
100 creatures vanquished.

Grand Total: 1479 creatures vanquished

Notes
Turn   | Place    | Note
-------+----------+-------------------------------------------
     0 | D:1      | Bronimir the Demonspawn Gladiator began the quest for the
                  | Orb.
     0 | D:1      | Reached XP level 1. HP: 16/16 MP: 1/1
    87 | D:1      | Reached skill level 3 in Polearms
    87 | D:1      | Gained mutation: You have a pair of small horns on your
                  | head. [demonic ancestry]
    87 | D:1      | Reached XP level 2. HP: 22/22 MP: 2/2
   825 | D:1      | Reached skill level 1 in Armour
   932 | D:2      | Reached XP level 3. HP: 25/27 MP: 3/3
  1221 | D:2      | Gained mutation: You are partially covered in icy blue
                  | scales. (AC +2) [demonic ancestry]
  1221 | D:2      | Reached XP level 4. HP: 9/33 MP: 4/4
  1898 | D:2      | Found a runed translucent door.
  1899 | D:2      | Noticed Crazy Yiuf
  1929 | D:2      | Killed Crazy Yiuf
  2405 | D:3      | Noticed a hippogriff
  2589 | D:3      | Gained mutation: You are mostly covered in icy blue scales.
                  | (AC +3) [demonic ancestry]
  2589 | D:3      | Reached XP level 5. HP: 37/39 MP: 5/5
  2630 | D:3      | Got a shimmering ivory ring
  2631 | D:3      | Identified the ring of Duexul {*Contam rPois rN+ Str+4
                  | Dex+3} (You found it on level 3 of the Dungeon)
  2842 | D:3      | Killed a hippogriff
  2842 | D:3      | Reached skill level 4 in Polearms
  2842 | D:3      | Reached skill level 1 in Staves
  2842 | D:3      | Gained mutation: You are partially covered in sharp spines.
                  | [demonic ancestry]
  2842 | D:3      | Reached XP level 6. HP: 36/46 MP: 6/6
  3537 | D:4      | Found a shattered altar of Ashenzari.
  3901 | D:4      | Gained mutation: You are slightly more attuned to the
                  | shadows. [demonic ancestry]
  3901 | D:4      | Reached XP level 7. HP: 50/51 MP: 7/7
  3907 | D:4      | Found a staircase to the Ecumenical Temple.
  3916 | Temple   | Entered the Ecumenical Temple
  4092 | Temple   | Became a worshipper of Hepliaklqana the Forgotten
  4247 | D:5      | Entered Level 5 of the Dungeon
  4272 | D:5      | Found Osuhoi Ofuf's Food Emporium.
  4417 | D:5      | Found a runed translucent gate.
  4417 | D:5      | Found a runed translucent gate.
  4417 | D:5      | Found a runed translucent gate.
  4417 | D:5      | Noticed growler's ghost (amateur TrMo)
  5084 | D:5      | Reached skill level 5 in Armour
  5084 | D:5      | Reached XP level 8. HP: 52/52 MP: 8/8
  5099 | D:5      | Found a shimmering blue altar of Sif Muna.
  5372 | D:6      | Reached * piety under Hepliaklqana
  6108 | D:6      | Reached skill level 5 in Staves
  7195 | D:7      | Noticed a centaur warrior
  7211 | D:7      | Killed a centaur warrior
  7211 | D:7      | Reached XP level 9. HP: 33/58 MP: 9/9
  7383 | D:7      | Identified A Primer on Spellcasting
  7705 | D:7      | Reached skill level 1 in Invocations
  8143 | D:7      | Found a snail-covered altar of Cheibriados.
  8173 | D:7      | Reached skill level 1 in Shields
  8328 | D:7      | Reached ** piety under Hepliaklqana
  8329 | D:7      | Remembered your ancestor Grog as a hexer
  8570 | D:8      | Reached XP level 10. HP: 56/65 MP: 11/11
  8596 | D:8      | Reached skill level 5 in Polearms
  8684 | D:8      | Found an opulent altar of Gozag.
  8705 | D:8      | Reached skill level 5 in Fighting
  8852 | D:8      | Reached skill level 6 in Polearms
  8983 | D:8      | Got a heavily runed plate armour
  8994 | D:8      | Identified the +10 plate armour of Dirr {+Fly Regen+ Str-4
                  | Dex+2} (You found it on level 8 of the Dungeon)
  9229 | D:9      | Found an iron altar of Okawaru.
  9312 | D:9      | Reached skill level 7 in Polearms
  9327 | D:9      | Found a hide-covered altar of Uskayaw.
  9389 | D:9      | Found a burning altar of Makhleb.
  9570 | D:9      | Reached *** piety under Hepliaklqana
  9570 | D:9      | Found a stormy altar of Qazlal.
  9968 | D:10     | Entered Level 10 of the Dungeon
 10024 | D:10     | Noticed Joseph
 10043 | D:10     | Killed Joseph
 10068 | D:10     | Gained mutation: You have a pair of horns on your head.
                  | [demonic ancestry]
 10068 | D:10     | Reached XP level 11. HP: 72/72 MP: 14/14
 10307 | D:10     | Noticed shadowEZX's ghost (journeyman HaAs)
 10325 | D:10     | Reached skill level 1 in Spellcasting
 10345 | D:10     | Found a runed translucent gate.
 10345 | D:10     | Found a runed translucent gate.
 10345 | D:10     | Found a runed translucent gate.
 10725 | D:11     | Got a warped copper ring
 10741 | D:11     | Found a staircase to the Orcish Mines.
 10911 | D:11     | Reached skill level 8 in Polearms
 10911 | D:11     | Reached skill level 5 in Invocations
 11001 | D:11     | Found a roughly hewn altar of Beogh.
 11001 | D:11     | Noticed an orc knight
 11285 | D:11     | Killed an orc knight
 11478 | D:11     | Reached **** piety under Hepliaklqana
 11481 | D:11     | Noticed a cyan ugly thing
 11525 | D:11     | Killed a cyan ugly thing
 11673 | D:11     | Found a staircase to the Lair.
 11693 | D:11     | Reached skill level 5 in Shields
 11699 | D:11     | Learned a level 3 spell: Vampiric Draining
 11840 | D:11     | Found Ommoew Sell's Gadget Shoppe.
 11942 | Lair:1   | Entered Level 1 of the Lair of Beasts
 12114 | Lair:1   | Gained mutation: You have a pair of large horns on your
                  | head. [potion of mutation]
 12114 | Lair:1   | Gained mutation: Your mind is acute. (Int +2) [potion of
                  | mutation]
 12119 | Lair:1   | Reached skill level 9 in Polearms
 12468 | Lair:1   | Reached skill level 1 in Necromancy
 12948 | Lair:1   | Reached skill level 1 in Slings
 13604 | D:12     | Killed an unseen horror
 13604 | D:12     | Reached XP level 12. HP: 69/79 MP: 16/16
 13642 | D:12     | Found a gate leading to a gauntlet.
 13653 | Gauntlet | Entered a Gauntlet
 13653 | Gauntlet | Found a transporter.
 13654 | Gauntlet | Found a transporter.
 13660 | Gauntlet | Found a runed translucent gate.
 13660 | Gauntlet | Found a runed translucent gate.
 13660 | Gauntlet | Found a runed translucent gate.
 13670 | Gauntlet | Found a transporter.
 13674 | Gauntlet | Found a transporter.
 13682 | Gauntlet | Found a transporter.
 13686 | Gauntlet | Found a transporter.
 13696 | Gauntlet | Found a transporter.
 13711 | Gauntlet | Found a transporter.
 13730 | Gauntlet | Noticed a seven-headed hydra
 13732 | Gauntlet | Found a transporter.
 13736 | Gauntlet | Found a transporter.
 13740 | Gauntlet | Found a runed translucent door.
 13744 | Gauntlet | Found a transporter.
 13748 | Gauntlet | Found a transporter.
 13808 | Gauntlet | Found a runed translucent door.
 14013 | Gauntlet | Reached skill level 10 in Polearms
 14046 | Gauntlet | Identified the ring "Rehotsabb" {rF+ Slay+2 Stlth-} (You
                  | found it on level 11 of the Dungeon)
 14053 | Gauntlet | Noticed a minotaur
 14072 | Gauntlet | Killed a minotaur
 14130 | Gauntlet | Identified the Guide on Ashen Cold
 14511 | Lair:2   | Found a runed translucent gate.
 14511 | Lair:2   | Found a runed translucent gate.
 14511 | Lair:2   | Noticed a 12-headed hydra
 14511 | Lair:2   | Noticed Lutefisk's ghost (journeyman CeAM)
 14512 | Lair:2   | Found a runed translucent gate.
 14555 | Lair:2   | Noticed a five-headed hydra
 14564 | Lair:2   | Killed a five-headed hydra
 15073 | Lair:2   | Reached ***** piety under Hepliaklqana
 15431 | Lair:3   | Found a staircase to the Shoals.
 15647 | Lair:3   | Reached skill level 1 in Evocations
 15843 | Lair:3   | Gained mutation: You are completely covered in icy blue
                  | scales. (AC +4, rC+) [demonic ancestry]
 15843 | Lair:3   | Reached XP level 13. HP: 86/86 MP: 18/18
 16375 | Lair:4   | Found a staircase to the Snake Pit.
 16391 | Lair:4   | Reached skill level 11 in Polearms
 18378 | Lair:6   | Entered Level 6 of the Lair of Beasts
 18485 | Lair:6   | Reached ****** piety under Hepliaklqana
 18520 | Lair:6   | Reached skill level 10 in Armour
 18977 | Lair:6   | Mutation became permanent: You have a pair of horns on your
                  | head. [demonic ancestry]
 18977 | Lair:6   | Gained mutation: You have a pair of large horns on your
                  | head. [demonic ancestry]
 18977 | Lair:6   | Reached XP level 14. HP: 81/93 MP: 16/20
 19153 | Lair:6   | Reached skill level 10 in Shields
 19203 | Lair:6   | Identified a scroll of acquirement
 19737 | Lair:6   | Found a viscous altar of Jiyva.
 19737 | Lair:6   | Found a staircase to the Slime Pits.
 20251 | Orc:1    | Entered Level 1 of the Orcish Mines
 20658 | Orc:2    | Entered Level 2 of the Orcish Mines
 20801 | Orc:2    | Reached skill level 5 in Evocations
 21019 | Orc:2    | Found Juiceh's Magic Scroll Shop.
 21019 | Orc:2    | Found Gocowusa's Weapon Shop.
 21028 | Orc:2    | Bought 2 scrolls of fear for 105 gold pieces
 21028 | Orc:2    | Bought a scroll of enchant weapon for 112 gold pieces
 21035 | Orc:2    | Found Qazucy's Magic Scroll Shop.
 21235 | Orc:2    | Reached skill level 12 in Polearms
 21240 | Orc:2    | Reached skill level 1 in Axes
 21402 | Orc:2    | Found Pagg's Book Emporium.
 21402 | Orc:2    | Found Zuwoonki's Antique Weapon Shop.
 21402 | Orc:2    | Found Haonob's Assorted Antiques.
 21405 | Orc:2    | Found Bogaruro's Assorted Antiques.
 21412 | Orc:2    | Bought a crystal hand crossbow for 331 gold pieces
 21417 | Orc:2    | Bought a warped glaive for 471 gold pieces
 21479 | Orc:2    | Found Gavaeq's Food Shop.
 21540 | Orc:2    | Found Uphil's Assorted Antiques.
 21546 | Orc:2    | Found a staircase to the Elven Halls.
 21663 | Orc:2    | Found a runed translucent gate.
 21663 | Orc:2    | Found a runed translucent gate.
 21663 | Orc:2    | Found a runed translucent gate.
 21670 | Orc:2    | Noticed snackwell's ghost (journeyman GrMo)
 21791 | Orc:2    | Identified the +7 glaive "Kastruh" {freeze, *Noise +Fly
                  | rPois MP+9} (You bought it in a shop on level 2 of the
                  | Orcish Mines)
 21792 | Orc:2    | Identified the +2 hand crossbow "Cithunoe" {penet, rF+ rN+
                  | MR+ Dex-5} (You bought it in a shop on level 2 of the
                  | Orcish Mines)
 21851 | Orc:2    | Killed snackwell's ghost
 21851 | Orc:2    | Reached skill level 10 in Invocations
 21966 | Elf:1    | Entered Level 1 of the Elven Halls
 22072 | Elf:1    | Noticed a Brimstone Fiend
 22092 | Elf:1    | Noticed a Tzitzimitl
 22399 | Snake:1  | Entered Level 1 of the Snake Pit
 22678 | Snake:1  | Reached XP level 15. HP: 76/101 MP: 22/22
 23123 | Snake:1  | Reached skill level 5 in Dodging
 23404 | Snake:2  | Reached skill level 1 in Crossbows
 23948 | Snake:2  | Noticed Vashnia
 23998 | Snake:2  | Killed Vashnia
 25044 | Snake:4  | Entered Level 4 of the Snake Pit
 25325 | Snake:4  | Reached skill level 10 in Fighting
 25325 | Snake:4  | Reached XP level 16. HP: 78/109 MP: 24/24
 25922 | Snake:4  | Reached skill level 13 in Polearms
 26268 | Snake:4  | Found Rual Ril's Antique Armour Shoppe.
 26281 | Snake:4  | Bought a faintly glowing chain mail for 361 gold pieces
 26281 | Snake:4  | Identified the +0 chain mail "Ymiveraepn" {rF- rCorr Int-2
                  | SInv} (You bought it in a shop on level 4 of the Snake Pit)
 26741 | Snake:4  | Reached skill level 5 in Axes
 27483 | Snake:4  | Gained mutation: You are mostly covered in sharp spines.
                  | [demonic ancestry]
 27483 | Snake:4  | Reached XP level 17. HP: 46/116 MP: 25/25
 27627 | Snake:4  | Got a serpentine rune of Zot
 29307 | Shoals:1 | Entered Level 1 of the Shoals
 29588 | Shoals:1 | Noticed a kraken
 29603 | Shoals:1 | Killed a kraken
 30174 | Shoals:2 | Noticed Ilsuiw
 30183 | Shoals:2 | Noticed a kraken
 30885 | Shoals:2 | Killed Ilsuiw
 30988 | Shoals:2 | You are sucked into a shaft and drop 1 floor!
 31127 | Shoals:3 | Got a steaming robe
 31269 | Shoals:3 | Noticed a kraken
 31988 | Shoals:3 | Killed a kraken
 32089 | Shoals:4 | Entered Level 4 of the Shoals
 32355 | Shoals:4 | Reached skill level 5 in Crossbows
 32694 | Shoals:4 | Gained mutation: You are significantly more attuned to the
                  | shadows. [demonic ancestry]
 32694 | Shoals:4 | Reached XP level 18. HP: 104/124 MP: 27/27
 32743 | Shoals:4 | Got a scorched lapis lazuli ring
 32744 | Shoals:4 | Identified the +3 robe of Music {-Tele rN+++ Dex+5} (You
                  | found it on level 3 of the Shoals)
 32746 | Shoals:4 | Identified the ring of the Establishment {rElec MR+ Int+6
                  | Slay-2 Stlth+} (You found it on level 4 of the Shoals)
 32850 | Shoals:4 | Got a pitted bronze ring
 32851 | Shoals:4 | Identified the ring of Pragmatism {MR+ Stlth+} (You found
                  | it on level 4 of the Shoals)
 33376 | Shoals:4 | Reached skill level 14 in Polearms
 33414 | Shoals:4 | Got a barnacled rune of Zot
 34149 | D:13     | Found a basalt altar of Yredelemnul.
 34286 | D:13     | Identified the cursed +1 shortbow of Zuenin {venom, rC+ rN+
                  | Str+3}
 34870 | D:14     | Found a gate to the Vaults.
 34934 | Vaults:1 | Entered Level 1 of the Vaults
 35379 | D:14     | Found an opulent altar of Gozag.
 35745 | D:15     | Entered Level 15 of the Dungeon
 35998 | D:15     | Found a staircase to the Depths.
 37104 | Depths:1 | Entered Level 1 of the Depths
 37400 | Vaults:1 | Noticed Aizul
 37401 | Vaults:1 | Found Pax Lini's Distillery.
 37416 | Vaults:1 | Killed Aizul
 37424 | Vaults:1 | Bought a potion of cancellation for 80 gold pieces
 37424 | Vaults:1 | Bought a potion of magic for 80 gold pieces
 37424 | Vaults:1 | Bought a potion of curing for 30 gold pieces
 37424 | Vaults:1 | Bought a potion of curing for 30 gold pieces
 37424 | Vaults:1 | Bought a potion of heal wounds for 50 gold pieces
 37424 | Vaults:1 | Bought a potion of heal wounds for 50 gold pieces
 37443 | Vaults:1 | Noticed a lich
 37458 | Vaults:1 | Noticed an Ice Fiend
 37459 | Vaults:1 | Gained mutation: Armour fits poorly on your strangely
                  | shaped body. [a cacodemon]
 37472 | Vaults:1 | Noticed a Brimstone Fiend
 37792 | Vaults:1 | Killed a lich
 37847 | Vaults:1 | Found Zeuqisoy's Food Shoppe.
 38274 | Elf:1    | Reached XP level 19. HP: 70/131 MP: 28/28
 38473 | Elf:1    | Identified Tykhlam's Collected Works on the Escort
 38639 | Elf:1    | Reached skill level 10 in Evocations
 38976 | Elf:1    | Found Nuneg's Distillery.
 38976 | Elf:1    | Noticed Donald
 38997 | Elf:1    | HP: 5/131 [Donald/+0 war axe (25)]
 39000 | Elf:1    | Killed Donald
 39712 | Elf:1    | Found Kuhes's Jewellery Emporium.
 39713 | Elf:1    | Found Yxzedaemn's Gadget Shop.
 39713 | Elf:1    | Found Hesygren's Jewellery Emporium.
 39815 | Elf:2    | Found a runed translucent gate.
 39822 | Elf:2    | Noticed Louise
 39858 | Elf:2    | Found a runed translucent gate.
 39858 | Elf:2    | Found a runed translucent gate.
 39902 | Elf:2    | Killed Louise
 40154 | Elf:2    | Reached skill level 15 in Polearms
 40783 | Elf:3    | Entered Level 3 of the Elven Halls
 40881 | Elf:3    | Found Cocun's Antique Weapon Shop.
 40900 | Elf:3    | Bought a warped quarterstaff for 243 gold pieces
 40900 | Elf:3    | Identified the +11 quarterstaff "Neal" {antimagic, Int+3}
                  | (You bought it in a shop on level 3 of the Elven Halls)
 41150 | Elf:3    | Found Zeghug's Weapon Emporium.
 41347 | Elf:3    | Found Ceycw's Antique Weapon Boutique.
 41796 | Elf:3    | Found Jenoav's Weapon Boutique.
 42056 | Elf:3    | Killed from afar by a deep elf death mage

Levels and vault maps discovered:
D:1:      co_arrival_random_square_maze, layout_basic
D:2:      layout_loops_ring, kennysheep_big_empty_room, uniq_crazy_yiuf_cottage
D:3:      layout_basic, first_ration, minmay_checkerbox
D:4:      layout_rooms, nicolae_overflow_hidden_temple, temple_green
D:5:      layout_rooms, lemuel_coloured_pillars_altar,
          gammafunk_ghost_necromancy, serial_shops, nicolae_shop_trees,
          kennysheep_donut
D:6:      minmay_skewed_foursquare, layout_loops_corners, water_boxes_lemuel
D:7:      minmay_the_grid_octo_triangle [minmay_the_grid_octo_clover,
          minmay_the_grid_octo_prize_star, minmay_the_grid_octo_empty],
          layout_loops_ring, kennysheep_mini_moat, minmay_alternating_orb
D:8:      wad_woods_stonehenge, layout_basic
D:9:      cheibrodos_helix_gallery, layout_grid_maze,
          nicolae_qazlal_style_of_elements, kennysheep_okawaru_gauntlet,
          old_standard_altar, serial_ice, serial_ice_b, serial_ice_m,
          serial_ice_k, serial_ice_n, serial_ice_h, serial_ice_e, serial_ice_g,
          basic_altar, grunt_pizzeria
D:10:     layout_loops_ring, gammafunk_ghost_split, uniq_joseph
D:11:     layout_roguey [special_room_orc], david_lair_shrubbed, david_orc_2,
          serial_shops, shop
D:12:     layout_small_grid, gauntlet_entry_generic
D:13:     lemuel_vampire_tower, layout_loops_ring
D:14:     layout_long_grid, david_vaults_3,
          nicolae_gozag_cash_rules_everything_around_me
D:15:     grunt_enter_depths_hoard, layout_basic, minmay_parallelograms,
          serial_rivers, chequers_serial_rivers_micro_e,
          chequers_serial_rivers_micro_a, chequers_serial_rivers_micro_a,
          chequers_serial_rivers_large_b, chequers_serial_rivers_small_b,
          chequers_serial_rivers_small_3
Temple:   nicolae_temple_elliptical
Lair:1:   layout_layer_cave, minmay_shattered_shrine
Lair:2:   layout_roguey, gammafunk_ghost_hydra_chop, infiniplex_staircase_pool,
          serial_bayou_shore_b
Lair:3:   layout_chaotic_city, shoals_dummy_entry, worms_lemuel,
          lemuel_fruit_fields
Lair:4:   cheibrodos_lair_river_kwai, layout_concentric_octagons,
          dummy_snake_entry, serial_bayou_shore_a, minmay_lair_oklob_chamber
Lair:5:   layout_layer_cave
Lair:6:   hangedman_lair_caniforms_friends, layout_cave_pods,
          dpeg_slime_entry_enclosed_altar, serial_bayou_pond_b,
          lemuel_fruit_tree
Shoals:1: layout_shoals, nicolae_shoals_this_corrosion
Shoals:2: layout_shoals, serial_shops, shop_fountains, uniq_ilsuiw
Shoals:3: cheibrodos_shoals_baths, layout_shoals,
          nicolae_shoals_kraken_intersection
Shoals:4: shoals_end_simple, layout_shoals
Snake:1:  layout_gridlike
Snake:2:  layout_grid_maze, drop_trap, serial_bayou_lagoon_a, uniq_vashnia
Snake:3:  layout_cave_pods, drop_trap
Snake:4:  grunt_snake_rune_serpentine_throne, layout_cave_town, serial_shops,
          shop, grunt_megastairs_4
Orc:1:    layout_diamond_mine
Orc:2:    st_orc_rangers, layout_caves, gammafunk_ghost_necromancy,
          serial_shops, nicolae_shop_stone, shop, nicolae_shop_statue_plus,
          shop, shop
Elf:1:    minmay_elf_arrival_plus, layout_loops_corners, serial_shops, shop,
          minmay_elf_demonology, minmay_shop_grove, uniq_donald
Elf:2:    layout_gridlike, uniq_louise
Elf:3:    elf_hall_gauntlet_narrow, layout_gridlike, serial_shops, shop,
          nicolae_shop_temple_entry_statues_fountains, nicolae_shop_statue_plus,
          nicolae_shop_window_shopping, shop_coins, minivault_5
Vaults:1: vaults_mumra_hex, v_misc_28, hangedman_vaults_hard_town_square,
          v_misc_13, vaults_dpeg_hooks, nicolae_vaults_three_branches,
          vaults_room_large_hall, serial_ice_b, ontoclasm_vaults_ring_small,
          v_misc_13, grunt_vaults_diagonal, ontoclasm_vaults_eye,
          layout_vaults_omnibox, serial_shops, nicolae_shop_crystal, uniq_aizul,
          uniq_saint_roka
Depths:1: layout_basic, enter_ziggurat_d, kennysheep_decorative_pillar,
          hell_entry, minmay_misc_feat_alley, bh_walls_and_bars

Skill      XL: |  1  2  3  4  5  6  7  8  9 10 11 12 13 14 15 16 17 18 19 |
---------------+----------------------------------------------------------+-----
Polearms       | 3 4 7 9 10 11 12 13 14 15 | 15.2
Armour         | 1 2 3 4 5 7 8 9 10 11 12 13 14 | 14.8
Dodging        | 3 4 5 6 7 |  7.6
Staves         | 1 2 4 6 7 |  7.4
Fighting       | 3 4 5 6 7 9 10 11 12 | 12.6
Invocations    | 2 4 6 7 9 10 11 12 13 | 13.4
Shields        | 1 3 5 8 9 10 11 12 13 | 13.7
Spellcasting   | 2 |  2.3
Necromancy     | 2 3 |  3.5
Slings         | 1 |  1.1
Evocations     | 1 4 5 7 8 9 10 | 10.6
Axes           | 3 4 6 7 |  7.7
Crossbows      | 2 3 5 |  5.7
Throwing       | |  1.8

Action                   |  1- 3 |  4- 6 |  7- 9 | 10-12 | 13-15 | 16-18 | 19-21 || total
-------------------------+-------+-------+-------+-------+-------+-------+-------++-------
Melee: Trident           |    85 |    31 |       |       |       |   299 |   347 ||   762
       Headbutt          |    11 |    22 |    50 |   263 |   465 |   522 |   128 ||  1461
       Quarterstaff      |       |    78 |   117 |       |       |       |       ||   195
       Spear             |       |       |    95 |  1022 |  1408 |   596 |       ||  3121
       War axe           |       |       |       |       |   201 |  1076 |   217 ||  1494
       Glaive            |       |       |       |       |    28 |       |       ||    28
 Fire: Hunting sling     |       |       |       |     8 |       |       |       ||     8
       Hand crossbow     |       |       |       |       |     7 |    12 |    20 ||    39
Throw: Throwing net      |       |       |       |     1 |       |       |       ||     1
       Javelin           |       |       |       |       |     1 |     9 |       ||    10
Invok: Ancestor Identity |       |       |     1 |       |       |       |       ||     1
       Ancestor Life: He |       |       |     1 |       |       |       |       ||     1
       Transference      |       |       |       |     3 |     3 |     8 |     2 ||    16
       Recall Ancestor   |       |       |       |     2 |       |     1 |     1 ||     4
       Idealise          |       |       |       |       |     3 |     4 |       ||     7
Evoke: Wand              |       |       |       |       |     9 |    12 |     7 ||    28
       Lightning rod     |       |       |       |       |       |     1 |     1 ||     2
  Use: Scroll            |       |     5 |     8 |    15 |     7 |    28 |     1 ||    64
       Potion            |       |       |       |     5 |     7 |     8 |     2 ||    22
 Stab: Sleeping          |     3 |       |     6 |     3 |       |       |       ||    12
       Paralysed         |       |       |     1 |       |    35 |    59 |    12 ||   107
       Distracted        |       |       |     2 |    13 |    31 |    25 |     5 ||    76
       Confused          |       |       |       |    12 |    18 |    26 |    10 ||    66
       Invisible         |       |       |       |     1 |       |       |       ||     1
       Fleeing           |       |       |       |       |       |     1 |       ||     1
  Eat: Chunk             |     1 |     8 |    12 |    21 |    21 |    27 |    12 ||   102
       Ration            |       |       |     1 |     1 |     3 |     5 |       ||    10
Armor: Leather armour    |    10 |       |       |       |       |       |       ||    10
       Ring mail         |     7 |    57 |    51 |    19 |       |       |       ||   134
       Plate armour      |       |       |       |   250 |   616 |   851 |    98 ||  1815
Dodge: Dodged            |    55 |    78 |    70 |   114 |   305 |   583 |    88 ||  1293
       Deflected         |       |       |       |    10 |    51 |    95 |    19 ||   175
Block: Shield            |       |       |    28 |   339 |   889 |  1469 |   261 ||  2986
